 Dungeon Crawl Stone Soup version 0.31-a0-1074-g0b22e4e0f1 (webtiles) character file.

Game seed: 8085522928215860351

13621 gelatine the Arsonist (level 11, -3/78 HPs)
             Began as a Demonspawn Fire Elementalist on Dec 3, 2023.
             Slain by a vampire mosquito (8 damage)
             ... on level 11 of the Dungeon.
             The game lasted 00:36:39 (12998 turns).

gelatine the Arsonist (DsFE)                       Turns: 12998, Time: 00:36:40

Health: -3/78      AC: 11    Str: 10    XL:     11   Next: 78%
Magic:  0/31       EV: 13    Int: 20    God:
Gold:   1058       SH:  0    Dex: 13    Spells: 12/25 levels left

rFire   + . .        t - +3 rapier (drain)
rCold   + . .        (no shield)
rNeg    . . .        g - +0 troll leather armour
rPois   .            (helmet unavailable)
rElec   .            n - scarf {rC+ rF+}
rCorr   .            (no gloves)
SInv    .            q - +1 pair of boots
Will    .....        w - amulet of guardian spirit
Stlth   ++           s - ring of magical power
HPRegen 1.13/turn    k - +4 ring of protection
MPRegen 0.22/turn

%: guardian spirit
@: about to teleport
A: horns 3, molten scales 1, foul stench 2
a: no special abilities


You were on level 11 of the Dungeon.
You visited 2 branches of the dungeon, and saw 12 of its levels.

You collected 1058 gold pieces.

Inventory:

Hand Weapons
 l - a +0 dagger of protection
 m - a +0 rapier
 t - a +3 rapier of draining (weapon)
 G - a +2 dagger of flaming
 I - a +1 short sword of flaming
 J - a +2 dagger of venom
 M - a +3 war axe of draining
Armour
 g - a +0 troll leather armour (worn)
 h - a +0 buckler
 n - a scarf of resistance (worn)
 q - a +1 pair of boots (worn)
 z - the +2 ring mail of Jupidghio {Rampage Will+ Regen+}
   (You found it on level 6 of the Dungeon)

   Will+:     It increases your willpower.
   Regen+:    It increases your rate of health regeneration.
   Rampage:   It bestows one free step when moving towards enemies.
 E - +0 steam dragon scales
Jewellery
 k - a +4 ring of protection (right hand)
 s - a ring of magical power (left hand)
 u - a ring of fire
 w - an amulet of guardian spirit (around neck)
 A - a ring of ice
 H - a ring of poison resistance
Wands
 D - a wand of iceblast (10)
Scrolls
 f - a scroll of amnesia
 i - 2 scrolls of fog
 o - a scroll of poison
 r - 2 scrolls of teleportation
 x - 2 scrolls of silence
 y - a scroll of fear {unknown}
 K - 2 scrolls of vulnerability {unknown}
 N - 4 scrolls of revelation {unknown}
Potions
 a - a potion of attraction
 b - 2 potions of magic
 c - a potion of ambrosia
 d - 4 potions of lignification
 e - 2 potions of curing
 p - 3 potions of haste
 v - 5 potions of brilliance
 B - a potion of mutation
 C - a potion of resistance {unknown}
 F - a potion of heal wounds {unknown}


   Skills:
 * Level 4.6 Fighting
 * Level 4.4 Short Blades
 * Level 4.9 Armour
 * Level 5.0 Dodging
 + Level 2.5 Stealth
 + Level 1.6 Shields
 + Level 7.9 Spellcasting
 * Level 7.6 Conjurations
 * Level 5.0 Hexes
 * Level 3.9 Translocations
 * Level 8.6 Fire Magic
 * Level 3.8 Evocations


You had 12 spell levels left.
You knew the following spells:

 Your Spells              Type           Power      Damage    Failure   Level
a - Foxfire               Conj/Fire      100%       2x1d9     1%          1
b - Scorch                Fire           84%        2d8       1%          2
c - Inner Flame           Hex/Fire       35%        N/A       1%          3
d - Volatile Blastmotes   Fire/Tloc      66%        2d15      2%          3
e - Flame Wave            Conj/Fire      40%        2d11      4%          4

Your spell library contained the following spells:

 Spells                   Type           Power      Damage    Failure   Level
 Magic Dart               Conj           100%       1d8       1%          1
 Momentum Strike          Conj/Tloc      62%        3d9       1%          2
 Searing Ray              Conj           76%        2d7       1%          2
 Blink                    Tloc           46%        N/A       3%          2
 Lesser Beckoning         Tloc           46%        N/A       3%          2
 Stone Arrow              Conj/Erth      46%        3d9       7%          3
 Fulminant Prism          Conj/Hex       16%        3d10      9%          4
 Animate Armour           Summ/Erth      14%        N/A       75%         4
 Lehudib's Crystal Spear  Conj/Erth      11%        10d4      100%        8


Dungeon Overview and Level Annotations

Branches:
Dungeon (11/15)            Temple (1/1) D:5
   Lair: D:8-11         Orc: D:9-12

Altars:
Ashenzari
Cheibriados
Dithmenos
Fedhas
Gozag
Hepliaklqana
Kikubaaqudgha
Makhleb
Nemelex Xobeh
Okawaru
Qazlal
Ru
Sif Muna
Trog
Uskayaw
Vehumet
Wu Jian
Xom
Yredelemnul

Shops:
D:3 [   D:8 (:

Annotations:
D:5 3 runed translucent doors, Hubris850's ghost, novice KoHs


Innate Abilities, Weirdness & Mutations

You have a pair of large horns on your head.
You are partially covered in molten scales. (AC +2)
You sometimes emit foul miasma when damaged in melee.


Message History

You barely miss the vampire mosquito.
The vampire mosquito is severely damaged.
The vampire mosquito bites you!
* * * LOW HITPOINT WARNING * * *
The vampire mosquito draws strength from your injuries!
The vampire mosquito bites you.
* * * LOW HITPOINT WARNING * * *
The vampire mosquito draws strength from your injuries!
You feel better. The vampire mosquito bites you!
* * * LOW HITPOINT WARNING * * *
The vampire mosquito draws strength from your injuries!
The vampire mosquito bites you but does no damage.
You feel better. The vampire mosquito barely misses you.
The vampire mosquito closely misses you.
The vampire mosquito attacks as it pursues you!
The vampire mosquito misses you.
The vampire mosquito closely misses you.
The gnoll sergeant closely misses you.
The vampire mosquito attacks as it pursues you!
The vampire mosquito barely misses you.
The vampire mosquito bites you but does no damage.
The vampire mosquito attacks as it pursues you!
The vampire mosquito bites you!
* * * LOW HITPOINT WARNING * * *
The vampire mosquito draws strength from your injuries!
The vampire mosquito bites you.
* * * LOW HITPOINT WARNING * * *
The vampire mosquito draws strength from your injuries!
The gnoll sergeant attacks as it pursues you!
The gnoll sergeant hits you but does no damage.
The vampire mosquito attacks as it pursues you!
The vampire mosquito bites you but does no damage.
The vampire mosquito bites you.
The vampire mosquito draws strength from your injuries!
The gnoll sergeant attacks as it pursues you!
The gnoll sergeant hits you from afar with a +0 spear!
* * * LOW HITPOINT WARNING * * *
As you read the scroll of teleportation, it crumbles to dust.
You feel strangely unstable. The vampire mosquito bites you!
You die...

.....##.........###
..[.....###.......#
#.###.....[...###.#
#. ####...#### #.#
#. #### ##.# #..#
#..# ##..# #.@##
#.y# .... .# #.g##
...# .. # ##..# ...
e#.. #.T# ...


OOE #.o# ..##hH ##### ##O# ..#.####...#### #.# !..##.........###.# You could see
a two-headed ogre, a troll, an orc warrior, a vampire mosquito and a gnoll
sergeant.

Vanquished Creatures
  Gastronok (D:8)
  3 two-headed ogres
  Maggie (D:8)
  A kobold demonologist (D:9)
  Grinder (D:4)
  2 trolls
  2 hornets
  A wraith (D:6)
  A vampire (D:9)
  A steam dragon (D:9)
  7 yaks
  A wyvern (D:8)
  A basilisk (D:10)
  2 vampire mosquitoes (D:11)
  A black bear (D:6)
  2 ice beasts
  An ogre (D:5)
  3 orc warriors
  A centaur (D:5)
  A phantom (D:6)
  12 kobold brigands
  6 bullfrogs
  2 gnoll sergeants
  4 scorpions
  A wight (D:8)
  2 electric eels (D:9)
  6 howler monkeys
  5 orc priests
  4 hounds
  A gnoll bouda (D:7)
  14 orc wizards
  14 gnolls
  9 adders
  4 shadow imps
  A white imp (D:5)
  A worm (D:2)
  A dart slug (D:3)
  37 orcs
  4 ball pythons
  6 endoplasms
  4 giant cockroaches
  6 goblins
  5 hobgoblins
  38 kobolds
  2 quokkas
  3 bats
  4 frilled lizards
  9 kobold skeletons (D:9)
  9 kobold zombies (D:9)
  3 rats
251 creatures vanquished.

Vanquished Creatures (collateral kills)
  3 foxfires
3 creatures vanquished.

Vanquished Creatures (others)
  A gnoll (D:9)
  735 foxfires
736 creatures vanquished.

Grand Total: 990 creatures vanquished

Notes
Turn   | Place    | Note
-------+----------+-------------------------------------------
     0 | D:1      | gelatine the Demonspawn Fire Elementalist began the quest
                  | for the Orb.
     0 | D:1      | Reached XP level 1. HP: 13/13 MP: 3/3
   146 | D:1      | Found a faded altar of an unknown god.
   358 | D:1      | Reached skill level 3 in Fire Magic
   590 | D:1      | Gained mutation: You have a pair of small horns on your
                  | head. [demonic ancestry]
   590 | D:1      | Reached XP level 2. HP: 19/19 MP: 0/5
   698 | D:1      | Learned a level 2 spell: Scorch
  1422 | D:2      | Reached XP level 3. HP: 24/24 MP: 2/6
  2523 | D:3      | Reached skill level 1 in Armour
  2523 | D:3      | Gained mutation: You have a pair of horns on your head.
                  | [demonic ancestry]
  2523 | D:3      | Reached XP level 4. HP: 7/30 MP: 0/7
  3051 | D:3      | Found Urid's Armour Shop.
  3151 | D:3      | Reached XP level 5. HP: 35/35 MP: 8/8
  3266 | D:3      | Found a shadowy altar of Dithmenos.
  3605 | D:4      | Reached skill level 4 in Fire Magic
  3621 | D:4      | Gained mutation: You are partially covered in molten
                  | scales. (AC +2) [demonic ancestry]
  3621 | D:4      | Reached XP level 6. HP: 25/41 MP: 4/10
  3823 | D:4      | Found a snail-covered altar of Cheibriados.
  4164 | D:4      | Noticed Grinder
  4174 | D:4      | Paralysed by Grinder for 4 turns
  4195 | D:4      | Killed Grinder
  4196 | D:4      | Reached skill level 1 in Short Blades
  4196 | D:4      | Gained mutation: You may rarely emit foul miasma when
                  | damaged in melee. [demonic ancestry]
  4196 | D:4      | Reached XP level 7. HP: 23/47 MP: 0/12
  4710 | D:5      | Entered Level 5 of the Dungeon
  4832 | D:5      | Found a staircase to the Ecumenical Temple.
  4842 | Temple   | Entered the Ecumenical Temple
  4927 | D:5      | Found a blossoming altar of Fedhas.
  4963 | D:5      | Noticed Hubris850's ghost (novice KoHs)
  4987 | D:5      | Found a runed translucent gate.
  4987 | D:5      | Found a runed translucent gate.
  4987 | D:5      | Found a runed translucent gate.
  5357 | D:5      | Reached skill level 1 in Fighting
  5498 | D:5      | Reached skill level 5 in Fire Magic
  5524 | D:5      | Gained mutation: You sometimes emit foul miasma when
                  | damaged in melee. [demonic ancestry]
  5524 | D:5      | Reached XP level 8. HP: 54/54 MP: 14/14
  6041 | D:6      | Reached skill level 5 in Spellcasting
  6103 | D:6      | Reached skill level 5 in Conjurations
  6297 | D:6      | Identified the +2 ring mail of Jupidghio {Rampage Will+
                  | Regen+}
  6637 | D:6      | Reached skill level 6 in Fire Magic
  6874 | D:7      | Learned a level 3 spell: Inner Flame
  7027 | D:7      | Reached XP level 9. HP: 58/59 MP: 1/18
  7029 | D:7      | Identified a scroll of acquirement
  7151 | D:7      | Reached skill level 1 in Hexes
  8060 | D:8      | Found Ruton's Book Shop.
  8093 | D:8      | Learned a level 3 spell: Volatile Blastmotes
  8124 | D:8      | Reached skill level 7 in Fire Magic
  8276 | D:8      | Found Hanuk's Antique Weapon Emporium.
  8352 | D:8      | Noticed Maggie
  8369 | D:8      | Killed Maggie
  8568 | D:8      | Reached skill level 1 in Translocations
  8657 | D:8      | Acquired 573 gold pieces
  8659 | D:8      | Reached skill level 1 in Shields
  8659 | D:8      | Reached XP level 10. HP: 70/70 MP: 21/21
  8980 | D:8      | Noticed a two-headed ogre
  8991 | D:8      | Killed a two-headed ogre
  8992 | D:8      | Gained mutation: You have a pair of large horns on your
                  | head. [demonic ancestry]
  8992 | D:8      | Reached XP level 11. HP: 75/76 MP: 22/22
  9286 | D:8      | Noticed Gastronok
  9304 | D:8      | Killed Gastronok
  9305 | D:8      | Reached skill level 8 in Fire Magic
  9583 | D:9      | Noticed a two-headed ogre
  9597 | D:9      | Killed a two-headed ogre
  9620 | D:9      | HP: 2/77 [something (10)]
  9970 | D:8      | Learned a level 4 spell: Flame Wave
 10353 | D:9      | Found a broken altar of Ashenzari.
 10726 | D:9      | Found an ancient bone altar of Kikubaaqudgha.
 11233 | D:10     | Entered Level 10 of the Dungeon
 11252 | D:10     | Found an ornate altar of the Wu Jian Council.
 11453 | D:10     | Found a transporter.
 11455 | D:10     | Found a transporter.
 11457 | D:10     | Found a transporter.
 11918 | D:10     | Reached skill level 5 in Hexes
 12163 | D:10     | Found a transporter.
 12956 | D:11     | Noticed a two-headed ogre
 12960 | D:11     | Noticed a two-headed ogre
 12963 | D:11     | Noticed a deep elf pyromancer
 12965 | D:11     | Noticed a two-headed ogre
 12966 | D:11     | Killed a two-headed ogre
 12968 | D:11     | Reached skill level 5 in Dodging
 12998 | D:11     | Slain by a vampire mosquito

Illustrated notes

Levels and vault maps discovered:
D:1:      amcnicky_arrival_single_pillar, layout_loops_corners,
          shapermc_ecumenical_altar_petra
D:2:      layout_basic, chequers_avenue, nicolae_figureground_pulse
D:3:      layout_basic, grunt_dithmenos_smoke, serial_shops, shop
D:4:      layout_cave_pods, old_standard_altar, uniq_grinder
D:5:      layout_loops_corners, old_standard_altar, lemuel_round_altar,
          lemuel_temple_firewalk_b, gammafunk_ghost_icy
D:6:      layout_gridville
D:7:      layout_cave_pools, amcnicky_mini_corridor_feature,
          palyth_stone_intersect
D:8:      layout_basic, serial_shops, shop, shop, serial_park_tiny_2,
          kennysheep_generic_room_11, uniq_maggie, uniq_gastronok
D:9:      wander_kiku_kobolds, layout_loops_ring, nicolae_ashenzari_skybound,
          serial_bayou, serial_bayou_shore_a, serial_bayou_pond_c,
          serial_bayou_crossing, serial_bayou_pond_c, serial_bayou_shore_b,
          nicolae_twisty_statue_hallways
D:10:     layout_stronghold, nicolae_wu_jian_wuxing_cycle,
          nicolae_diode_quadrants
D:11:     layout_roguey, erik_lair_orcish_takeover, orc_0_dummy,
          minmay_pinched_square, uniq_urug
Temple:   eino_temple_scatter_basement

Skill      XL: |  1  2  3  4  5  6  7  8  9 10 11 |
---------------+----------------------------------+-----
Fire Magic     | 3 4 5 6 7 8 |  8.6
Dodging        | 2 3 4 5 |  5.0
Armour         | 1 2 4 |  4.9
Conjurations   | 2 3 4 5 6 7 |  7.6
Spellcasting   | 3 4 6 7 |  7.9
Short Blades   | 1 3 4 |  4.4
Stealth        | 2 |  2.5
Fighting       | 1 3 4 |  4.6
Hexes          | 4 5 |  5.0
Translocations | 2 3 |  3.9
Shields        | 1 |  1.6
Evocations     | 3 |  3.8

Action                     |  1- 3 |  4- 6 |  7- 9 | 10-12 || total
---------------------------+-------+-------+-------+-------++-------
  Melee: Unarmed           |    16 |       |       |       ||    16
         Headbutt          |     1 |     5 |    13 |    11 ||    30
         Rapier            |     9 |    51 |    63 |    69 ||   192
         Punch             |       |     1 |     1 |       ||     2
   Cast: Foxfire           |    98 |    55 |   195 |    88 ||   436
         Scorch            |     4 |    20 |    33 |    47 ||   104
         Inner Flame       |       |       |    17 |     5 ||    22
         Volatile Blastmot |       |       |     6 |    19 ||    25
         Flame Wave        |       |       |       |    12 ||    12
  Evoke: Wand              |       |       |       |     1 ||     1
    Use: Scroll            |       |    10 |    10 |     4 ||    24
         Potion            |       |     2 |     1 |     2 ||     5
 Armour: Troll leather arm |    13 |    55 |    80 |   120 ||   268
  Dodge: Dodged            |    10 |     8 |    61 |   109 ||   188

Table legend: (Time is in decaauts)
 A = Elapsed time spent in this place.
 B = Non-inter-level travel time spent in this place.
 C = Inter-level travel time spent in this place.
 D = Time resting spent in this place.
 E = Time spent auto-exploring this place.
 F = Levels seen in this place.
 G = Mean time per level.
                   A        B        C        D        E       F      G
               +--------+--------+--------+--------+--------+-----+--------+
         Total |  13091 |  12474 |    617 |      0 |  10317 |  12 | 1090.9 |
       Dungeon |  13089 |  12472 |    617 |      0 |  10317 |  11 | 1189.9 |
        Temple |      1 |      1 |      0 |      0 |      0 |   1 |    1.0 |
               +--------+--------+--------+--------+--------+-----+--------+

Top non-repeatable levels by time:
     D:8: 1777 daAuts
    D:10: 1573 daAuts
     D:9: 1503 daAuts
     D:3: 1439 daAuts
     D:5: 1175 daAuts
     D:7: 1147 daAuts
     D:4: 1136 daAuts
     D:1: 1107 daAuts
     D:2: 1035 daAuts
     D:6: 1003 daAuts
    D:11: 191 daAuts
  Temple: 1 daAuts
